 Dungeon Crawl Stone Soup version 0.25-b1-37-g2669288c55 (webtiles) character file.

Game seed: 14038852860520843621

10 Esekla the Stinger (level 2, 0/14 HPs)
             Began as a Vine Stalker Venom Mage on June 5, 2020.
             Succumbed to an adder's poison
             ... on level 4 of the Dungeon.
             The game lasted 00:03:35 (520 turns).

Esekla the Stinger (Vine Stalker Venom Mage)         Turns: 520, Time: 00:03:36

Health: 0/14       AC:  3    Str: 10    XL:     2   Next: 20%
Magic:  2/6        EV: 12    Int: 15    God:
Gold:   26         SH:  0    Dex: 14    Spells: 5/6 levels left

rFire    . . .     SeeInvis .   g - +0 short sword
rCold    . . .     Gourm    .   (no shield)
rNeg     . . .     Faith    .   a - +0 robe
rPois    .         Spirit   +   (no helmet)
rElec    .         Reflect  .   (no cloak)
rCorr    .         Harm     .   h - +0 pair of gloves
MR       .....                  (no boots)
Stlth    ++........             (no amulet)
HPRegen  0.04/turn              (no ring)
MPRegen  0.10/turn              (no ring)

@: lethally poisoned (0 -> -6), flying
A: fangs 2, magic shield, antimagic bite, no potion heal 3, rot immunity
a: no special abilities


You were on level 4 of the Dungeon.
You were not hungry.

You visited 1 branch of the dungeon, and saw 4 of its levels.

You collected 26 gold pieces.

Inventory:

Hand Weapons
 f - a +0 spear
 g - a +0 short sword (weapon)
Armour
 a - a +0 robe (worn)
 h - a +0 pair of gloves (worn)
Wands
 j - a wand of iceblast (9)
Scrolls
 b - 2 scrolls of identify {unknown}
 d - a scroll of immolation {unknown}
 e - a scroll of magic mapping {unknown}
Potions
 i - a potion of invisibility {unknown}
Comestibles
 c - 5 rations


   Skills:
 * Level 0.6 Fighting
 + Level 0.1 Polearms
 + Level 1.7 Dodging
 - Level 2.4 Stealth
 * Level 2.6 Spellcasting
 - Level 1.0 Transmutations
 - Level 3.0 Poison Magic


You had 5 spell levels left.
You knew the following spells:

 Your Spells              Type           Power        Failure   Level  Hunger
a - Sting                 Tmut/Pois      #...         10%         1    #......

Your spell library contained the following spells:

 Spells                   Type           Power        Failure   Level  Hunger
 Poisonous Vapours        Pois/Air       #.....       17%         2    ###....
 Ignite Poison            Fire/Tmut/Pois #.......     36%         3    ###....
 Mephitic Cloud           Conj/Pois/Air  #.......     38%         3    ###....
 Olgreb's Toxic Radiance  Pois           ##......     52%         4    #####..


Dungeon Overview and Level Annotations

Branches:
Dungeon (4/15)
 Temple: D:4-7

Altars:
Trog

Portals:
Sewer: D:4


Innate Abilities, Weirdness & Mutations

You have extremely sharp teeth.
When hurt, damage is shared between your health and your magic reserves.
Your bite disrupts and absorbs the magic of your enemies.
Potions cannot restore your health.
You are immune to rotting.


Message History

The adder bites you.
* * * LOW HITPOINT WARNING * * *
You miss the adder. You bite the adder, but do no damage.
The adder is moderately wounded.
The adder misses you. The adder barely misses you.
You barely miss the adder.
The adder is moderately wounded.
The adder barely misses you.
You closely miss the adder.
The adder is moderately wounded.
The adder closely misses you.
You miss the adder.
The adder is moderately wounded.
The adder bites you but does no damage. The adder bites you.
* * * LOW HITPOINT WARNING * * *
You are lethally poisoned!
The adder poisons you!
You hit the adder.
The adder is heavily wounded.
You die...

.. .. ##. #..
#.# ..
#.#####...
#..........
##.#######..
###.@#s≈≈≈≈#..
#....Ss≈∩≈≈#.#
#.##.#≈≈≈≈≈#.#
#. #.#######.#
# #)........#
###....###
#.#### ###.#
#...#


You could see an adder and 2 giant cockroaches.

Vanquished Creatures
  A dart slug (D:1)
  A goblin (D:2)
  3 hobgoblins
  A ball python (D:3)
  2 bats (D:3)
8 creatures vanquished.

Notes
Turn   | Place    | Note
-------+----------+-------------------------------------------
     0 | D:1      | Esekla the Vine Stalker Venom Mage began the quest for the
                  | Orb.
     0 | D:1      | Reached XP level 1. HP: 9/9 MP: 4/4
   305 | D:2      | Reached XP level 2. HP: 14/14 MP: 6/6
   422 | D:3      | Found a bloodstained altar of Trog.
   493 | D:4      | Found a glowing drain.
   520 | D:4      | Succumbed to an adder's poison

Illustrated notes

Levels and vault maps discovered:
D:1:      minmay_arrival_cross, layout_loops_corners, minmay_misc_feat_square
D:2:      layout_rooms, bloody_trog, first_ration
D:3:      layout_rooms, grunt_gozag_breadcrumbs, trog_three_pillars_becter
D:4:      layout_rooms, lemuel_doored_altar, gup_sewer_entry_glass, uniq_natasha

Action                   || total
-------------------------++-------
Melee: Spear             ||    13
       Short sword       ||    31
       Bite              ||     7
  Use: Potion            ||     2
 Stab: Sleeping          ||     2
Armor: Robe              ||     6
Dodge: Dodged            ||    28
